 Dungeon Crawl Stone Soup version 0.23-a0-143-g1adec7b (webtiles) character file.

1934 Ijustatesigmund the Cleaver (level 8, -3/78 HPs)
             Began as a Deep Dwarf Fighter on Sept 4, 2018.
             Was a Follower of Makhleb.
             Slain by Prince Ribbit (14 damage)
             ... on level 6 of the Dungeon.
             The game lasted 00:21:38 (4231 turns).

Ijustatesigmund the Cleaver (Deep Dwarf Fighter)    Turns: 4231, Time: 00:21:39

Health: -3/78      AC:  8    Str: 20    XL:     8   Next: 97%
Magic:  11/11      EV:  7    Int:  9    God:    Makhleb [*.....]
Gold:   263        SH: 10    Dex: 14    Spells: 7/7 levels left

rFire    . . .     SeeInvis .   a - +1 war axe
rCold    + . .     Gourm    .   c - +1 shield
rNeg     . . .     Faith    .   b - +0 scale mail
rPois    .         Spirit   .   (no helmet)
rElec    .         Reflect  .   o - scarf {repulsion}
rCorr    .         Harm     .   (no gloves)
MR       +....                  B - +0 pair of boots
Stlth    ..........             (no amulet)
HPRegen  0.00/turn              y - ring of protection from cold
MPRegen  0.12/turn              x - ring of flight

@: lethally poisoned (-3 -> -3), non-regenerating, repel missiles
A: damage resistance, heal wounds, sense surroundings 1, no regeneration
a: Heal Wounds, Renounce Religion, Evoke Flight


You were on level 6 of the Dungeon.
You worshipped Makhleb.
Makhleb was aware of your devotion.
You were hungry.

You visited 2 branches of the dungeon, and saw 7 of its levels.
You also visited: Sewer.

You collected 263 gold pieces.

Inventory:

Hand Weapons
 a - a +1 war axe (weapon)
 n - a +2 flail of holy wrath
Missiles
 E - a throwing net (quivered)
Armour
 b - a +0 scale mail (worn)
 c - a +1 shield (worn)
 o - a scarf of repulsion (worn)
 B - a +0 pair of boots (worn)
Jewellery
 e - an uncursed ring of fire
 i - an uncursed ring of fire
 k - an uncursed ring of ice
 x - a ring of flight (right hand)
 y - a ring of protection from cold (left hand)
Wands
 j - a wand of paralysis (13)
 s - a wand of polymorph (1)
Scrolls
 d - 4 scrolls of teleportation
 l - 2 scrolls of remove curse
 m - 3 scrolls of enchant armour
 u - 2 scrolls of amnesia
Potions
 g - 3 potions of flight
 h - a potion of heal wounds
 p - 3 potions of magic
 q - 2 potions of brilliance
 r - 3 potions of lignification
 t - a potion of agility
 v - 2 potions of curing
 w - 2 potions of might
 z - a potion of cancellation
 A - a potion of berserk rage {unknown}
 C - a potion of ambrosia {unknown}
Comestibles
 f - 11 rations


   Skills:
 + Level 6.9 Fighting
 + Level 9.1 Axes
 - Level 3.2 Armour
 - Level 3.2 Shields
 + Level 6.1 Invocations


You had 7 spell levels left.
You didn't know any spells.
Your spell library contained the following spells:

 Spells                   Type           Power        Failure   Level  Hunger
 Sandblast                Erth           #.....       99%         1    ##.....
 Passwall                 Tmut/Erth      #.......     100%        2    ###....
 Stone Arrow              Conj/Erth      #.....       100%        3    ####...
 Petrify                  Tmut/Erth      #.......     100%        4    #####..
 Lee's Rapid Deconstruct  Erth           #.........   100%        5    ######.


Dungeon Overview and Level Annotations

Branches:
Dungeon (6/15)             Temple (1/1) D:4

Altars:
Cheibriados
Dithmenos
Elyvilon
Gozag
Hepliaklqana
Kikubaaqudgha
Makhleb
Nemelex Xobeh
Okawaru
Ru
Sif Muna
Trog
Uskayaw
Vehumet
Wu Jian
Yredelemnul
Zin

Shops:
D:4 [

Annotations:
D:4 3 runed doors, nht's ghost, novice DsCK
D:6 Prince Ribbit


Innate Abilities, Weirdness & Mutations

You are resistant to damage.
You can heal yourself by infusing magical energy.
You passively map a small area around you.
You do not regenerate.


Message History

Prince Ribbit blinks!
Found a scroll of identify.
Prince Ribbit hits you but does no damage. x2
You see here a puce potion.
Your shield prevents you from hitting Prince Ribbit.
Prince Ribbit hits you!
You closely miss Prince Ribbit.
A bullfrog comes into view.
Prince Ribbit hits you. Prince Ribbit hits you!
* * * LOW HITPOINT WARNING * * *
The bullfrog moves out of view.
You slash Prince Ribbit!
Prince Ribbit is heavily wounded.
Prince Ribbit hits you but does no damage.
You miss Prince Ribbit.
Prince Ribbit is heavily wounded.
Prince Ribbit hits you but does no damage.
Prince Ribbit catches a small bird with his tongue.
Prince Ribbit hits you!
You die...

, ?.#. ..#.#######
.........#
.,#.......#
..#.......# , ,,
..........# ,
..........# **
#....)# * 8## #..@..#
.$8###F..## *
...###...# *_ ,
...>#....##
,,...##.....## ***8,
, ..8##......# * 8#
#......# ##########
#..>...#
..#.#....#####.....##


You could see Prince Ribbit.

Vanquished Creatures
  Sigmund (D:3)
  Eustachio (D:4)
  Menkaure (D:4)
  An ice beast (D:6)
  A sky beast (D:5)
  A black bear (D:6)
  A phantom (D:5)
  An ogre (D:4)
  2 centaurs
  Blork the orc (D:4)
  2 scorpions
  A centaur zombie (D:5)
  3 crimson imps (D:5)
  2 jellies (D:6)
  A hound (D:3)
  A bullfrog skeleton (D:5)
  Natasha (D:2)
  An orc wizard (D:5)
  5 worker ants
  9 adders
  8 gnolls
  5 river rats
  2 shadow imps
  2 oozes
  3 worms
  4 dart slugs
  4 leopard geckos
  12 orcs
  10 bats
  3 giant cockroaches
  3 goblins
  6 hobgoblins (D:1)
  6 jackals (D:2)
  4 kobolds (D:1)
  3 quokkas
  6 ball pythons
  11 frilled lizards
  2 quokka skeletons (D:5)
  9 rats
140 creatures vanquished.

Notes
Turn   | Place    | Note
-------+----------+-------------------------------------------
     0 | D:1      | Ijustatesigmund the Deep Dwarf Fighter began the quest for
                  | the Orb.
     0 | D:1      | Reached XP level 1. HP: 20/20 MP: 1/1
   117 | D:1      | Reached skill level 3 in Axes
   119 | D:1      | Reached XP level 2. HP: 24/27 MP: 2/2
   542 | D:1      | Reached XP level 3. HP: 29/33 MP: 3/3
   637 | D:1      | Reached skill level 4 in Axes
   874 | D:2      | Reached XP level 4. HP: 34/40 MP: 4/4
   928 | D:2      | Noticed Natasha
   936 | D:2      | Killed Natasha
   936 | D:2      | Reached skill level 5 in Axes
   984 | D:2      | Found an ancient bone altar of Kikubaaqudgha.
  1239 | D:3      | Reached XP level 5. HP: 35/49 MP: 5/5
  1389 | D:3      | Noticed Sigmund
  1404 | D:3      | Killed Sigmund
  1404 | D:3      | Reached skill level 6 in Axes
  1404 | D:3      | Reached XP level 6. HP: 36/57 MP: 6/6
  1634 | D:3      | Found a snail-covered altar of Cheibriados.
  1670 | D:3      | Found a glowing silver altar of Zin.
  1706 | D:3      | Found a sacrificial altar of Ru.
  1744 | D:3      | Found a glowing drain.
  1753 | Sewer    | Entered a sewer
  2387 | D:4      | Noticed Blork the orc
  2400 | D:4      | Reached XP level 7. HP: 39/66 MP: 7/7
  2402 | D:4      | Reached skill level 5 in Fighting
  2402 | D:4      | Reached skill level 7 in Axes
  2404 | D:4      | Killed Blork the orc
  2488 | D:4      | Noticed Menkaure
  2555 | D:4      | Found a staircase to the Ecumenical Temple.
  2565 | Temple   | Entered the Ecumenical Temple
  2592 | Temple   | Became a worshipper of Makhleb the Destroyer
  2693 | D:4      | Killed Menkaure
  2693 | D:4      | Reached skill level 1 in Invocations
  2725 | D:4      | Noticed nht's ghost (novice DsCK)
  2729 | D:4      | Found Kyfo's Antique Armour Boutique.
  2789 | D:4      | Noticed Eustachio
  2852 | D:4      | Killed Eustachio
  2852 | D:4      | Reached XP level 8. HP: 51/76 MP: 8/10
  2872 | D:4      | Found a runed gate.
  2873 | D:4      | Found a runed gate.
  2874 | D:4      | Found a runed gate.
  3026 | D:5      | Entered Level 5 of the Dungeon
  3060 | D:5      | Reached skill level 8 in Axes
  3469 | D:5      | Found an iron altar of Okawaru.
  3470 | D:5      | Found a bloodstained altar of Trog.
  3641 | D:6      | Reached * piety under Makhleb
  3652 | D:5      | Reached skill level 5 in Invocations
  3897 | D:6      | Noticed Prince Ribbit
  4103 | D:6      | Paralysed by an orc warrior for 6 turns
  4134 | D:6      | Reached skill level 9 in Axes
  4231 | D:6      | Slain by Prince Ribbit

Vault maps used:
D:1:      dpeg_arrival_shrine, serial_bayou_crossing
D:2:      kiku_gazebo_pond_becter, uniq_natasha
D:3:      kennysheep_slug_shrine, zin_scriptorium, nicolae_ru_path_of_blood,
          cheibrodos_sewer_entry_bend, first_ration, uniq_sigmund
D:4:      minmay_temple_entry_large_hall, serial_shops, shop,
          gammafunk_ghost_nasty_kobolds, uniq_menkaure, uniq_eustachio,
          uniq_blork_the_orc
D:5:      grunt_temple_overflow_bloody_war
D:6:      nicolae_overflow_hidden_temple, nrook_loot_triangle,
          uniq_prince_ribbit1
Temple:   minmay_temple_bridge_abc
Sewer:    sewer_co_cracked_pipes

Skill      XL: |  1  2  3  4  5  6  7  8 |
---------------+-------------------------+-----
Axes           | 3 4 5 6 7 9 |  9.1
Fighting       | 3 4 5 6 |  6.9
Invocations    | 3 6 |  6.1
Armour         | |  3.2
Shields        | |  3.2

Action                   |  1- 3 |  4- 6 |  7- 9 || total
-------------------------+-------+-------+-------++-------
Melee: War axe           |   109 |   171 |   257 ||   537
       Hand axe          |       |       |    26 ||    26
       Flail             |       |       |     5 ||     5
Throw: Throwing net      |       |       |     7 ||     7
 Abil: Heal Wounds       |       |     2 |     9 ||    11
Evoke: Wand              |       |    29 |    12 ||    41
  Use: Scroll            |     6 |     6 |     7 ||    19
       Potion            |       |     5 |     5 ||    10
  Eat: Chunk             |       |     5 |     3 ||     8
       Ration            |       |       |     1 ||     1
Armor: Scale mail        |    53 |    63 |   110 ||   226
Dodge: Dodged            |    28 |    67 |    71 ||   166
       Deflected         |       |     4 |     3 ||     7
Block: Shield            |    58 |   100 |   152 ||   310

Table legend:
 A = Non-vault XP
 B = Vault XP
 C = Vault XP percentage of total XP
 D = Non-vault monster count
 E = Vault monster count
 F = Vault count percentage of total count
                 A         B        C        D         E       F
            +---------+---------+-------+---------+---------+-------
      Total |    1968 |     796 |  28.8 |     111 |      29 |  20.7
            +---------+---------+-------+---------+---------+-------
        D:1 |      50 |       0 |   0.0 |      28 |       0 |   0.0
        D:2 |      78 |      36 |  31.6 |      19 |       1 |   5.0
        D:3 |     194 |     226 |  53.8 |      15 |       4 |  21.1
        D:4 |     391 |     450 |  53.5 |      11 |       3 |  21.4
        D:5 |     778 |      15 |   1.9 |      23 |       1 |   4.2
        D:6 |     477 |       0 |   0.0 |      15 |       0 |   0.0
      Sewer |       0 |      69 | 100.0 |       0 |      20 | 100.0
            +---------+---------+-------+---------+---------+-------
